Map: Oxide LE

Players

MaxPax - Winner!

  • Race: Protoss Protoss
  • League: Grandmaster
  • Spawn Location: 1:00

Vanya

  • Race: Zerg Zerg
  • League: Master
  • Spawn Location: 7:00

Event: DreamHack SC2 Masters 2020 Winter

VOD

Have the link to the VOD?

Description

Time

  • Played on: Oct. 21, 2020, 1:33 p.m.
  • Length: 9:55

All games in this series

Show
View Real Time Build Order
Export as new Build Order

MaxPax Protoss - Winner!

Build Orders:  

Get SALT Encoding   

  12  0:00  Probe  
  13  0:12  Probe  
  14  0:19  Pylon  
  14  0:24  Probe  
  15  0:37  Probe (Chrono Boost)  
  15  0:38  Gateway  
  16  0:47  Assimilator  
  16  0:48  Probe (Chrono Boost)  
  17  0:52  Probe (Chrono Boost)  
  18  1:03  Probe  
  19  1:15  Probe  
  20  1:23  Zealot (Chrono Boost)  
  22  1:25  Cybernetics Core  
  22  1:27  Pylon, Probe  
  23  1:36  Pylon  
  23  2:01  Adept (Chrono Boost)  
  23  2:02  Probe  
  23  2:06  Warp Gate  
  26  2:15  Probe  
  27  2:22  Adept (Chrono Boost)  
  29  2:38  Nexus  
  29  2:44  Assimilator  
  30  2:53  Stalker  
  30  2:56  Pylon  
  31  3:14  Probe (Chrono Boost)  
  31  3:18  Stargate  
  32  3:25  Probe (Chrono Boost)  
  33  3:30  Probe (Chrono Boost)  
  33  3:42  Probe (Chrono Boost)  
  33  3:43  Gateway  
  33  3:50  Probe (Chrono Boost)  
  33  3:54  Adept  
  37  3:58  Probe (Chrono Boost)  
  37  3:59  Probe (Chrono Boost)  
  37  4:01  Oracle (Chrono Boost)  
  41  4:04  Probe (Chrono Boost)  
  41  4:05  Probe  
  43  4:16  Probe  
  44  4:17  Probe  
  44  4:19  Adept  
  44  4:23  Assimilator  
  47  4:24  Pylon  
  47  4:26  Assimilator  
  47  4:28  Probe  
  47  4:29  Probe  
  47  4:32  Oracle (Chrono Boost)  
  50  4:39  Adept  
  50  4:40  Adept  
  50  4:42  Probe x2  
  56  4:50  Pylon  
  56  4:54  Probe x2  
  58  5:06  Probe x2  
  60  5:08  Void Ray (Chrono Boost)  
  60  5:10  Nexus  
  64  5:18  Probe x2  
  64  5:19  Pylon  
  64  5:28  Adept x2  
  64  5:31  Probe x2  
  70  5:36  Shield Battery  
  70  5:42  Void Ray (Chrono Boost)  
  69  5:43  Probe  
  69  5:46  Probe  
  71  5:55  Probe  
  69  5:58  Adept, Probe  
  69  5:59  Stargate  
  69  6:00  Adept  
  74  6:07  Probe  
  74  6:10  Probe  
  76  6:16  Pylon  
  76  6:20  Probe  
  76  6:21  Adept x2, Void Ray (Chrono Boost)  
  76  6:22  Probe  
  82  6:30  Probe  
  87  6:38  Shield Battery  
  87  6:39  Probe x2  
  89  6:42  Probe  
  90  6:51  Probe  
  95  6:54  Probe  
  95  6:58  Void Ray (Chrono Boost)  
  95  6:59  Void Ray (Chrono Boost)  
  96  7:04  Probe  
  101  7:11  Pylon  
  101  7:12  Assimilator  
  101  7:13  Assimilator  
  101  7:24  Void Ray (Chrono Boost)  
  101  7:25  Pylon  
  101  7:29  Probe x3  
  108  7:31  Gateway x2  
  108  7:37  Void Ray (Chrono Boost)  
  108  7:39  Pylon  
  108  7:41  Robotics Facility, Probe  
  108  7:42  Pylon, Shield Battery  
  108  7:43  Probe  
  114  7:45  Pylon, Shield Battery  
  114  7:48  Shield Battery  
  114  7:50  Pylon  
  114  7:52  Probe  
  114  7:57  Probe  
  114  7:58  Void Ray (Chrono Boost)  
  104  8:14  Void Ray (Chrono Boost)  
  104  8:16  Zealot x2  
  112  8:25  Twilight Council  
  112  8:26  Forge  
  112  8:28  Robotics Facility  
  112  8:29  Pylon  
  112  8:30  Robotics Bay, Pylon  
  112  8:32  Gateway  
  112  8:35  Probe, Void Ray (Chrono Boost)  
  112  8:36  Gateway  
  112  8:38  Probe  
  118  8:41  Probe  
  118  8:47  Probe  
  120  8:50  Probe  
  120  8:51  Adept, Sentry x2  
  123  8:55  Void Ray (Chrono Boost)  
  123  9:01  Zealot  
  127  9:29  Nexus  
  127  9:30  Pylon  
Show
View Real Time Build Order
Export as new Build Order

Vanya Zerg 

Build Orders: Pool First 

Get SALT Encoding   

  12  0:00  Drone  
  13  0:12  Overlord  
  13  0:17  Drone  
  14  0:31  Drone x2  
  16  0:37  Drone  
  17  0:45  Spawning Pool  
  16  1:07  Hatchery  
  15  1:11  Drone  
  16  1:32  Queen, Zergling x6  
  21  1:43  Overlord  
  22  1:55  Extractor  
  22  1:57  Drone, Hatchery  
  21  2:06  Hatchery  
  20  2:09  Drone  
  21  2:18  Drone  
  22  2:29  Drone  
  24  2:36  Queen  
  26  2:37  Drone  
  27  2:44  Drone  
  27  2:46  Overlord  
  27  2:47  Drone  
  28  2:55  Metabolic Boost  
  28  3:01  Zergling x2  
  29  3:07  Zergling x2  
  29  3:09  Hatchery  
  29  3:16  Drone x3  
  30  3:29  Spore Crawler  
  29  3:35  Drone x4  
  29  3:40  Drone x2  
  34  3:44  Queen  
  36  3:50  Drone x2  
  36  3:51  Drone  
  39  3:55  Overlord  
  39  3:59  Drone  
  40  4:02  Overlord  
  40  4:15  Drone  
  40  4:16  Drone  
  42  4:18  Drone  
  42  4:19  Overlord  
  42  4:23  Drone  
  42  4:24  Drone x5  
  51  4:32  Drone  
  51  4:37  Roach Warren  
  50  4:39  Extractor  
  50  4:44  Zergling x8  
  51  4:53  Zergling x8, Overlord  
  51  4:54  Zergling x6  
  58  5:05  Overlord  
  58  5:09  Overlord  
  58  5:17  Overlord  
  58  5:19  Spore Crawler  
  58  5:20  Spore Crawler  
  57  5:21  Drone x8, Spore Crawler  
  57  5:25  Drone  
  61  5:30  Drone x3  
  64  5:38  Drone  
  64  5:39  Drone x3  
  64  5:42  Drone x2  
  66  5:47  Lair  
  57  5:51  Drone x2  
  57  5:53  Drone  
  58  6:01  Drone x4  
  58  6:02  Extractor  
  61  6:05  Drone x2  
  61  6:11  Evolution Chamber  
  62  6:12  Roach  
  64  6:22  Overlord  
  64  6:24  Drone x2  
  66  6:26  Roach  
  66  6:31  Roach x2  
  66  6:32  Roach x2, Overlord  
  75  6:35  Drone x2  
  75  6:38  Extractor  
  76  6:40  Zerg Missile Weapons Level 1  
  76  6:41  Overlord  
  76  6:46  Roach x2  
  80  6:48  Evolution Chamber  
  80  6:52  Hydralisk Den  
  80  6:53  Overlord  
  74  6:55  Roach x2  
  74  6:58  Drone x3  
  74  7:00  Drone  
  74  7:01  Drone  
  81  7:08  Drone x3, Overlord  
  77  7:09  Drone x3  
  77  7:14  Zergling x2  
  79  7:20  Spore Crawler  
  79  7:22  Grooved Spines  
  76  7:24  Drone x4  
  76  7:31  Drone x3  
  76  7:36  Zergling x6  
  81  7:45  Hydralisk x2  
  81  7:50  Zergling x2  
  84  7:55  Drone x3  
  85  8:00  Drone x3  
  85  8:03  Drone  
  89  8:11  Hydralisk x2  
  93  8:17  Hydralisk x3  
  93  8:18  Extractor  
  97  8:24  Hydralisk x2  
  101  8:34  Muscular Augments  
  101  8:35  Hydralisk x5  
  101  8:40  Hydralisk  
  109  8:42  Overlord  
  109  8:44  Hydralisk  
  107  8:54  Hydralisk  
  107  8:55  Hydralisk x2  
  104  9:05  Hydralisk  
  104  9:08  Hatchery  
  104  9:09  Hydralisk  
  105  9:11  Hydralisk  
Tags
 
Add a new tag
Caveats
  • Supply blocks, unpowered buildings, or Contaminate may cause inaccurate times.
  • Supply counts are checked every 10 seconds.